 Dungeon Crawl Stone Soup version 0.26.1-11-gd32895ea62 (webtiles) character file.

Game seed: 14737282551748119858

4490 jlumianski the Magician (level 10, -2/79 HPs)
             Began as a Gnoll Warper on June 22, 2021.
             Was a High Priest of Okawaru.
             Killed from afar by Erolcha (20 damage)
             ... with a crystal spear
             ... on level 9 of the Dungeon on June 23, 2021.
             The game lasted 00:53:53 (9786 turns).

jlumianski the Magician (Gnoll Warper)              Turns: 9786, Time: 00:53:54

Health: -2/79      AC:  7    Str: 15    XL:     10   Next: 38%
Magic:  19/21      EV: 18    Int: 18    God:    Okawaru [*****.]
Gold:   442        SH:  0    Dex: 14    Spells: 15/23 levels left

rFire    . . .     SeeInvis .   T - +2 halberd (elec)
rCold    . . .     Faith    .   (shield currently unavailable)
rNeg     . . .     Spirit   .   F - +0 ring mail
rPois    .         Reflect  .   M - +0 helmet
rElec    .         Harm     .   (no cloak)
rCorr    .         Rampage  .   (no gloves)
Will     .....                  (no boots)
Stlth    ++........             (no amulet)
HPRegen  0.23/turn              m - +4 ring of evasion
MPRegen  0.17/turn              K - +4 ring of slaying

@: mighty, attractive, slowed, very slow
A: distributed training, fangs 1, strong nose
a: Renounce Religion, Heroism, Finesse


You were on level 9 of the Dungeon.
You worshipped Okawaru.
Okawaru was extremely pleased with you.
You visited 2 branches of the dungeon, and saw 10 of its levels.
You also visited: Bailey.

You collected 442 gold pieces.

Inventory:

Hand Weapons
 a - a +1 hand axe
 h - a +0 halberd of electrocution
 u - a +0 halberd of flaming
 D - a +0 hunting sling
 H - a +2 whip of freezing
 J - a +0 hand axe of venom
 P - a +0 war axe
 T - a +2 halberd of electrocution (weapon)
Missiles
 c - 153 sling bullets
 e - 5 boomerangs of dispersal
 f - 258 stones
 o - 3 datura-tipped darts
 q - a throwing net
 C - 81 boomerangs (quivered)
 E - 48 poisoned darts
 G - 28 bolts
 R - 2 javelins
Armour
 b - a +0 leather armour
 F - a +0 ring mail (worn)
 M - a +0 helmet (worn)
 S - a +0 troll leather armour
Magical Staves
 N - an uncursed staff of air
Jewellery
 k - a cursed -4 ring of evasion
 m - a +4 ring of evasion (left hand)
 I - an uncursed amulet of guardian spirit
 K - a +4 ring of slaying (right hand)
 O - an uncursed ring of attention
Scrolls
 d - 2 scrolls of blinking
 g - 2 scrolls of enchant weapon
 l - a scroll of teleportation
 v - 4 scrolls of remove curse
 w - 5 scrolls of identify
 y - 2 scrolls of immolation
 A - 2 scrolls of amnesia
 L - a scroll of magic mapping
 U - a scroll of acquirement {unknown}
Potions
 i - a potion of resistance {unknown}
 j - 2 potions of lignification
 n - a potion of brilliance {unknown}
 p - 6 potions of magic {unknown}
 t - 5 potions of mutation {unknown}
 x - a potion of degeneration {unknown}
 z - 4 potions of curing
 B - a potion of haste
 Q - a potion of flight {unknown}


   Skills:
 + Level 7.0 Fighting
 + Level 5.2 Short Blades
 + Level 5.2 Long Blades
 + Level 7.0 Axes
 + Level 5.2 Maces & Flails
 + Level 5.2 Polearms
 + Level 5.2 Staves
 + Level 5.2 Slings
 + Level 5.2 Bows
 + Level 5.2 Crossbows
 + Level 5.9 Throwing
 + Level 5.9 Armour
 + Level 7.0 Dodging
 + Level 5.2 Stealth
 + Level 5.2 Shields
 + Level 5.2 Unarmed Combat
 + Level 7.3 Spellcasting
 + Level 4.3 Conjurations
 + Level 4.3 Hexes
 + Level 4.3 Summonings
 + Level 4.3 Necromancy
 + Level 7.0 Translocations
 + Level 4.3 Transmutations
 + Level 4.3 Fire Magic
 + Level 4.3 Ice Magic
 + Level 4.3 Air Magic
 + Level 4.3 Earth Magic
 + Level 4.3 Poison Magic
 + Level 5.7 Invocations
 + Level 5.2 Evocations


You had 15 spell levels left.
You knew the following spells:

 Your Spells              Type           Power        Failure   Level
a - Blink                 Tloc           N/A          1%          2
b - Gell's Gravitas       Tloc           16%          3%          3
c - Magic Dart            Conj           88%          3%          1
d - Call Imp              Summ           22%          4%          2

Your spell library contained the following spells:

 Spells                   Type           Power        Failure   Level
 Corona                   Hex            24%          3%          1
 Lesser Beckoning         Tloc           16%          3%          3
 Teleport Other           Tloc           32%          3%          3
 Ensorcelled Hibernation  Hex/Ice        44%          4%          2
 Slow                     Hex            22%          4%          2
 Confusing Touch          Hex            22%          10%         3
 Conjure Flame            Conj/Fire      22%          10%         3
 Dazzling Flash           Conj/Hex       44%          10%         3
 Mephitic Cloud           Conj/Pois/Air  22%          10%         3
 Tukima's Dance           Hex            22%          10%         3
 Passage of Golubria      Tloc           N/A          10%         4


Dungeon Overview and Level Annotations

Branches:
Dungeon (10/15)            Temple (1/1) D:4          Bailey (visited)
   Lair: D:8-11         Orc: D:9-12

Altars:
Dithmenos
Fedhas
Gozag
Kikubaaqudgha
Makhleb
Okawaru
Qazlal
Ru
Trog
Uskayaw
Vehumet
Xom
The Shining One

Annotations:
D:6 Maggie
D:9 Erolcha


Innate Abilities, Weirdness & Mutations

Your experience applies equally to all skills.
You have very sharp teeth.
Your uncanny sense of smell can sniff out nearby items.


Message History

Erolcha is severely wounded.
Erolcha hits you with a +0 giant spiked club!
The ice beast closely misses you.
Erolcha points at you and mumbles some strange words.
The crystal spear hits you!!
* * * LOW HITPOINT WARNING * * *
Casting: Call Imp (safe; 4% risk of failure)
Confirm with . or Enter, or press ? or * to list all spells.
You blink.
Erolcha points at you and mumbles some strange words.
The crystal spear misses you.
The ice beast hits you but does no damage.
A troll comes into view.
Erolcha gestures at you while chanting. You resist with some effort.
The ice beast completely misses you.
It was a potion of attraction.
You feel attractive to monsters. Erolcha casts a spell at you.
The crystal spear hits you!!
You die...

.###.#.
.....T.
.....#.
##.......
.......
#.#....#
#.#...##
#.#@...#
#.#OY..#
#.#§...#
#.#....#
#.#....# ∆
#......#
###....# ∆
#....#
###..#######


You could see Erolcha (fast), a troll (wandering) and an ice beast.

Vanquished Creatures
  Pikel (D:4)
  An orc knight (Bailey)
  3 trolls
  Sigmund (D:5)
  A basilisk (D:9)
  2 black bears (D:9)
  3 ice beasts
  A sky beast (D:7)
  An orc warrior (D:9)
  A necrophage (D:6)
  4 centaurs
  An ogre (D:6)
  A big kobold (D:7)
  3 bullfrogs
  2 scorpions
  A howler monkey (D:9)
  A centaur zombie (D:5)
  3 bullfrog zombies
  2 hounds
  A gnoll shaman (D:6)
  3 orc priests
  A centaur skeleton (D:7)
  An iguana (D:7)
  3 orc wizards
  5 worker ants
  A hound skeleton (D:4)
  6 adders
  25 gnolls
  3 shadow imps
  6 white imps
  2 oozes
  An adder skeleton (D:4)
  5 worms
  4 leopard geckos
  16 orcs
  3 ball pythons
  7 bats
  6 giant cockroaches
  19 hobgoblins
  21 jackals
  26 kobolds
  3 quokkas
  5 frilled lizards
  9 goblins
  2 quokka skeletons (D:4)
  10 rats
227 creatures vanquished.

Vanquished Creatures (collateral kills)
  An ogre (D:7)
1 creature vanquished.

Vanquished Creatures (others)
  6 plants (D:2)
6 creatures vanquished.

Grand Total: 234 creatures vanquished

Notes
Turn   | Place    | Note
-------+----------+-------------------------------------------
     0 | D:1      | jlumianski the Gnoll Warper began the quest for the Orb.
     0 | D:1      | Reached XP level 1. HP: 20/20 MP: 6/6
   188 | D:1      | Reached XP level 2. HP: 22/26 MP: 7/7
   361 | D:1      | Learned a level 2 spell: Blink
   466 | D:1      | Reached XP level 3. HP: 27/31 MP: 9/9
   622 | D:1      | Reached skill level 5 in Spellcasting
   908 | D:1      | Learned a level 3 spell: Gell's Gravitas
   984 | D:2      | Reached skill level 1 in Invocations
  1094 | D:2      | Reached skill level 1 in Short Blades
  1094 | D:2      | Reached skill level 1 in Long Blades
  1094 | D:2      | Reached skill level 1 in Maces & Flails
  1094 | D:2      | Reached skill level 1 in Polearms
  1094 | D:2      | Reached skill level 1 in Staves
  1094 | D:2      | Reached skill level 1 in Slings
  1094 | D:2      | Reached skill level 1 in Bows
  1094 | D:2      | Reached skill level 1 in Crossbows
  1094 | D:2      | Reached skill level 1 in Stealth
  1094 | D:2      | Reached skill level 1 in Shields
  1094 | D:2      | Reached skill level 1 in Unarmed Combat
  1094 | D:2      | Reached skill level 1 in Evocations
  1280 | D:2      | Reached XP level 4. HP: 38/38 MP: 11/11
  1705 | D:2      | Reached skill level 1 in Conjurations
  1705 | D:2      | Reached skill level 1 in Hexes
  1705 | D:2      | Reached skill level 1 in Summonings
  1705 | D:2      | Reached skill level 1 in Necromancy
  1705 | D:2      | Reached skill level 1 in Transmutations
  1705 | D:2      | Reached skill level 1 in Fire Magic
  1705 | D:2      | Reached skill level 1 in Ice Magic
  1705 | D:2      | Reached skill level 1 in Air Magic
  1705 | D:2      | Reached skill level 1 in Earth Magic
  1705 | D:2      | Reached skill level 1 in Poison Magic
  1932 | D:2      | Found a burning altar of Makhleb.
  1932 | D:2      | Found a radiant altar of Vehumet.
  2509 | D:3      | Reached XP level 5. HP: 43/43 MP: 5/12
  3481 | D:4      | Reached XP level 6. HP: 46/50 MP: 13/13
  3523 | D:4      | Found a staircase to the Ecumenical Temple.
  3550 | Temple   | Entered the Ecumenical Temple
  3578 | Temple   | Became a worshipper of Warmaster Okawaru
  3652 | D:4      | Noticed Pikel
  3761 | D:4      | Killed Pikel
  3761 | D:4      | Reached * piety under Okawaru
  3761 | D:4      | Reached ** piety under Okawaru
  3762 | D:4      | Reached skill level 5 in Fighting
  3762 | D:4      | Reached skill level 5 in Axes
  3762 | D:4      | Reached skill level 5 in Dodging
  3762 | D:4      | Reached XP level 7. HP: 16/56 MP: 2/15
  4538 | D:5      | Entered Level 5 of the Dungeon
  4610 | D:5      | Reached XP level 8. HP: 37/63 MP: 16/16
  5318 | D:5      | Noticed Sigmund
  5328 | D:5      | Killed Sigmund
  5328 | D:5      | Reached *** piety under Okawaru
  6798 | D:6      | Found a glowing golden altar of the Shining One.
  6889 | D:6      | Reached XP level 9. HP: 55/69 MP: 18/18
  7148 | D:6      | Noticed Maggie
  7270 | D:7      | Reached **** piety under Okawaru
  7466 | D:7      | Learned a level 1 spell: Magic Dart
  7469 | D:7      | Learned a level 2 spell: Call Imp
  7658 | D:7      | Reached skill level 5 in Throwing
  7658 | D:7      | Reached skill level 5 in Armour
  7769 | D:7      | Noticed a troll
  7796 | D:7      | Killed a troll
  8369 | D:7      | You fall into a shaft and drop 3 floors!
  8369 | D:10     | Entered Level 10 of the Dungeon
  8370 | D:10     | Noticed a troll
  8397 | D:9      | Reached skill level 5 in Invocations
  8406 | D:9      | Killed a troll
  8475 | D:9      | Found a shimmering altar of Xom.
  8484 | D:9      | Reached ***** piety under Okawaru
  8485 | D:9      | Reached XP level 10. HP: 12/77 MP: 20/20
  8629 | D:9      | Found a flagged portal.
  8658 | D:9      | Reached skill level 5 in Short Blades
  8658 | D:9      | Reached skill level 5 in Long Blades
  8658 | D:9      | Reached skill level 5 in Maces & Flails
  8658 | D:9      | Reached skill level 5 in Polearms
  8658 | D:9      | Reached skill level 5 in Staves
  8658 | D:9      | Reached skill level 5 in Slings
  8658 | D:9      | Reached skill level 5 in Bows
  8658 | D:9      | Reached skill level 5 in Crossbows
  8658 | D:9      | Reached skill level 5 in Stealth
  8658 | D:9      | Reached skill level 5 in Shields
  8658 | D:9      | Reached skill level 5 in Unarmed Combat
  8658 | D:9      | Reached skill level 5 in Evocations
  8697 | Bailey   | Entered a bailey
  9051 | Bailey   | Noticed an orc knight
  9083 | Bailey   | Killed an orc knight
  9083 | Bailey   | Received a gift from Okawaru
  9768 | D:9      | Noticed Erolcha
  9786 | D:9      | Killed from afar by Erolcha

Illustrated notes

Levels and vault maps discovered:
D:1:      sevenhm_arrival_forest_fort_large_2, layout_rooms, minmay_octomino_c4
D:2:      layout_basic, gammafunk_temple_overflow_elements, serial_bayou_ford_a
D:3:      layout_basic
D:4:      layout_basic, minmay_temple_entry_mist, uniq_pikel
D:5:      layout_cave_pods, uniq_sigmund
D:6:      layout_rooms, chequers_temple_overflow_statue_of_worship,
          tso_metal_star, uniq_maggie
D:7:      layout_cave_pods, serial_shops, nicolae_shop_window_shopping,
          kennysheep_potato
D:9:      layout_basic, erik_lair_dragon, enter_bailey_3, xom_teletrap_fun,
          uniq_erolcha
D:10:     layout_basic, minmay_misc_feat_hallway, uniq_snorg, uniq_fannar,
          uniq_erica, uniq_maurice
Temple:   minmay_temple_bridge_abc

Skill      XL: |  1  2  3  4  5  6  7  8  9 10 |
---------------+-------------------------------+-----
Spellcasting   | 5 6 7 |  7.3
Invocations    | 1 2 3 4 5 |  5.7
Short Blades   | 1 2 3 4 5 |  5.2
Long Blades    | 1 2 3 4 5 |  5.2
Maces & Flails | 1 2 3 4 5 |  5.2
Polearms       | 1 2 3 4 5 |  5.2
Staves         | 1 2 3 4 5 |  5.2
Slings         | 1 2 3 4 5 |  5.2
Bows           | 1 2 3 4 5 |  5.2
Crossbows      | 1 2 3 4 5 |  5.2
Stealth        | 1 2 3 4 5 |  5.2
Shields        | 1 2 3 4 5 |  5.2
Unarmed Combat | 1 2 3 4 5 |  5.2
Evocations     | 1 2 3 4 5 |  5.2
Conjurations   | 1 2 3 4 |  4.3
Hexes          | 1 2 3 4 |  4.3
Summonings     | 1 2 3 4 |  4.3
Necromancy     | 1 2 3 4 |  4.3
Transmutations | 1 2 3 4 |  4.3
Fire Magic     | 1 2 3 4 |  4.3
Ice Magic      | 1 2 3 4 |  4.3
Air Magic      | 1 2 3 4 |  4.3
Earth Magic    | 1 2 3 4 |  4.3
Poison Magic   | 1 2 3 4 |  4.3
Throwing       | 3 4 5 |  5.9
Armour         | 3 4 5 |  5.9
Fighting       | 5 6 7 |  7.0
Axes           | 5 6 7 |  7.0
Dodging        | 5 6 7 |  7.0
Translocations | 6 7 |  7.0

Action                   |  1- 3 |  4- 6 |  7- 9 | 10-12 || total
-------------------------+-------+-------+-------+-------++-------
Melee: Hand axe          |   101 |    27 |   232 |    35 ||   395
       Bite              |     9 |    10 |    51 |     6 ||    76
       Halberd           |       |   124 |    58 |    35 ||   217
       Punch             |       |       |     7 |       ||     7
 Fire: Hunting sling     |       |    13 |    37 |       ||    50
Throw: Stone             |    39 |    20 |       |       ||    59
       Dart              |       |     1 |     3 |       ||     4
       Boomerang         |       |       |       |     2 ||     2
 Cast: Blink             |     1 |     8 |    10 |     3 ||    22
       Gell's Gravitas   |     3 |    21 |    11 |    12 ||    47
       Call Imp          |       |       |     4 |     2 ||     6
Invok: Heroism           |       |       |       |     1 ||     1
  Use: Scroll            |     3 |     1 |    12 |       ||    16
       Potion            |       |       |     6 |     2 ||     8
 Stab: Sleeping          |     2 |     1 |     2 |     1 ||     6
Armor: Leather armour    |    17 |    19 |       |       ||    36
       Ring mail         |       |     3 |    65 |    16 ||    84
       Skin              |       |       |     2 |       ||     2
Dodge: Dodged            |    76 |   204 |   296 |   101 ||   677
